TOP OF THE 1ST |
Madison Bombers batting - Pitching for Seattle Pikes : LHP David Hill
|
Pitching: LHP David Hill
|
|
Batting: LHB Sixto Cantú
|
0-0: Foul Ball, location: 2F 0-1: Ball 1-1: Swinging Strike 1-2: Ball 2-2: Ball 3-2: Base on Balls
|
Batting: RHB William Farmer
|
0-0: Foul Ball, location: 2F 0-1: Ball 1-1: Called Strike 1-2: Ball 2-2: Fly out, F9 (Flyball, 9D)
|
Batting: RHB Vicente Aguirre
|
0-0: Called Strike 0-1: Foul Ball, location: 2F 0-2: Strikes out swinging
|
Batting: LHB Seung-chun Mun
|
0-0: Swinging Strike 0-1: Foul Ball, location: 2F 0-2: Ball 1-2: Ball 2-2: Ball 3-2: Base on Balls Sixto Cantú to second
|
Batting: RHB Sergio Márquez
|
0-0: Called Strike 0-1: Fly out, F9 (Flyball, 89S)
|
Top of the 1st over - 0 run(s), 0 hit(s), 0 error(s), 2 left on base; Madison 0 - Seattle 0 |
BOTTOM OF THE 1ST |
Seattle Pikes batting - Pitching for Madison Bombers : LHP Juan Espinosa
|
Pitching: LHP Juan Espinosa
|
|
Batting: LHB Keith Tillman
|
0-0: Foul Ball, location: 2F 0-1: Ball 1-1: Called Strike 1-2: Ball 2-2: Fly out, F4 (Line Drive, 34)
|
Batting: RHB Wallace Greene
|
0-0: Called Strike 0-1: Ball 1-1: Called Strike 1-2: Ball 2-2: Fly out, F9 (Flyball, 9M)
|
Batting: RHB António Ortega
|
0-0: Foul Ball, location: 2F 0-1: Swinging Strike 0-2: Ball 1-2: Foul Ball, location: 2F 1-2: Ball 2-2: Ball 3-2: Fly out, F3 (Popup, 3SF)
|
Bottom of the 1st over - 0 run(s), 0 hit(s), 0 error(s), 0 left on base; Madison 0 - Seattle 0 |
TOP OF THE 2ND |
Madison Bombers batting - Pitching for Seattle Pikes : LHP David Hill
|
Batting: SHB Jorge Flores
|
0-0: Called Strike 0-1: Foul Ball, location: 2F 0-2: Ground out 1-3 (Groundball, 15S)
|
Batting: RHB Bailey Ramsey
|
0-0: SINGLE (Line Drive, 89S)
|
Batting: RHB Quinton Martínez
|
0-0: SINGLE (Line Drive, 78S) Bailey Ramsey to second
|
Batting: SHB Bob Warren
|
0-0: Called Strike 0-1: Called Strike 0-2: Ball 1-2: Ball 2-2: Fly out, F8 (Popup, 6MD)
|
Batting: LHB Sixto Cantú
|
0-0: DOUBLE (Line Drive, 7LS) Bailey Ramsey scores Quinton Martínez to third Runner from 3rd tries for Home, SAFE, no throw or cutoff
|
Batting: RHB William Farmer
|
0-0: Fly out, F8 (Flyball, 8RM)
|
Top of the 2nd over - 2 run(s), 3 hit(s), 0 error(s), 1 left on base; Madison 2 - Seattle 0 |
BOTTOM OF THE 2ND |
Seattle Pikes batting - Pitching for Madison Bombers : LHP Juan Espinosa
|
Batting: LHB Richard Hunter
|
0-0: Foul Ball, location: 2F 0-1: SINGLE (Groundball, 5S) (infield hit)
|
Batting: LHB Sammy Marshall
|
0-0: Ball 1-0: Grounds into double play, 6-4-3 (Groundball, 6M)
|
Batting: LHB Terry White
|
0-0: Ball 1-0: Foul Ball, location: 2F 1-1: SINGLE (Line Drive, 34D)
|
Batting: RHB Dennis Stephenson
|
Pickoff Throw to First - Out!
|
Bottom of the 2nd over - 0 run(s), 2 hit(s), 0 error(s), 0 left on base; Madison 2 - Seattle 0 |
TOP OF THE 3RD |
Madison Bombers batting - Pitching for Seattle Pikes : LHP David Hill
|
Batting: RHB Vicente Aguirre
|
0-0: Ball 1-0: Foul Ball, location: 2F 1-1: Swinging Strike 1-2: Fly out, F9 (Flyball, 9S)
|
Batting: LHB Seung-chun Mun
|
0-0: Called Strike 0-1: Swinging Strike 0-2: Strikes out swinging
|
Batting: RHB Sergio Márquez
|
0-0: Ball 1-0: Ball 2-0: Called Strike 2-1: SINGLE (Groundball, 25) (infield hit)
|
Batting: SHB Jorge Flores
|
0-0: Ball 1-0: Ball 2-0: Fielders Choice at 2nd, U6 (Groundball, 6M)
|
Top of the 3rd over - 0 run(s), 1 hit(s), 0 error(s), 1 left on base; Madison 2 - Seattle 0 |
BOTTOM OF THE 3RD |
Seattle Pikes batting - Pitching for Madison Bombers : LHP Juan Espinosa
|
Batting: RHB Dennis Stephenson
|
0-0: Ball 1-0: SINGLE (Groundball, 15) (infield hit)
|
Batting: RHB Claudio Souza
|
0-0: Fielders Choice at 2nd, 5-4 (Groundball, 56)
|
Batting: RHB Rafael González
|
0-0: Foul Ball, location: 2F 0-1: Ball 1-1: Called Strike 1-2: SINGLE (Line Drive, 7S) Claudio Souza to second
|
Batting: LHB Keith Tillman
|
0-0: Fielders Choice at 2nd, 3-6 (Groundball, 34) Claudio Souza to third
|
Batting: RHB Wallace Greene
|
0-0: Ball 1-0: Ball 2-0: Ball 3-0: Base on Balls Keith Tillman to second
|
Batting: RHB António Ortega
|
0-0: Foul Ball, location: 2F 0-1: Ball 1-1: GRAND SLAM HOME RUN (Line Drive, 7LD), Distance : 364 ft
|
Batting: LHB Richard Hunter
|
0-0: Foul Ball, location: 2F 0-1: Ball 1-1: Ground out 3-1 (Groundball, 34)
|
Bottom of the 3rd over - 4 run(s), 3 hit(s), 0 error(s), 0 left on base; Madison 2 - Seattle 4 |
TOP OF THE 4TH |
Madison Bombers batting - Pitching for Seattle Pikes : LHP David Hill
|
Batting: RHB Bailey Ramsey
|
0-0: Foul Ball, location: 2F 0-1: Swinging Strike 0-2: Ball 1-2: Strikes out swinging
|
Batting: RHB Quinton Martínez
|
0-0: Ball 1-0: SINGLE (Groundball, 56D)
|
Batting: SHB Bob Warren
|
0-0: Called Strike 0-1: Ball 1-1: Ball 2-1: Foul Ball, location: 2F 2-2: Foul Ball, location: 2F 2-2: Foul Ball, location: 2F 2-2: Strikes out swinging
|
Batting: LHB Sixto Cantú
|
0-0: Foul Ball, location: 2F 0-1: Ground out 5-3 (Groundball, 5L)
|
Top of the 4th over - 0 run(s), 1 hit(s), 0 error(s), 1 left on base; Madison 2 - Seattle 4 |
BOTTOM OF THE 4TH |
Seattle Pikes batting - Pitching for Madison Bombers : LHP Juan Espinosa
|
Batting: LHB Sammy Marshall
|
0-0: Ball 1-0: Ball 2-0: Foul Ball, location: 2F 2-1: Called Strike 2-2: Foul Ball, location: 2F 2-2: Strikes out swinging
|
Batting: LHB Terry White
|
0-0: Ball 1-0: Ball 2-0: Called Strike 2-1: Swinging Strike 2-2: Fly out, F6 (Line Drive, 6)
|
Batting: RHB Dennis Stephenson
|
0-0: Called Strike 0-1: Called Strike 0-2: Ball 1-2: SOLO HOME RUN (Line Drive, 89XD), Distance : 415 ft
|
Batting: RHB Claudio Souza
|
0-0: Called Strike 0-1: Ball 1-1: Swinging Strike 1-2: Ball 2-2: Fly out, F8 (Flyball, 8LM)
|
Bottom of the 4th over - 1 run(s), 1 hit(s), 0 error(s), 0 left on base; Madison 2 - Seattle 5 |
TOP OF THE 5TH |
Madison Bombers batting - Pitching for Seattle Pikes : LHP David Hill
|
Pitching: LHP Bernardo Dodson
|
|
Batting: RHB William Farmer
|
0-0: SINGLE (Groundball, 34S) (infield hit)
|
Batting: RHB Vicente Aguirre
|
0-0: Called Strike 0-1: Ball 1-1: DOUBLE (Groundball, 5L) William Farmer to third
|
Batting: LHB Seung-chun Mun
|
0-0: Called Strike 0-1: Ball 1-1: Ball 2-1: Ball 3-1: Foul Ball, location: 2F 3-2: Base on Balls
|
Batting: RHB Sergio Márquez
|
0-0: Called Strike 0-1: Ball 1-1: Fly out, F3 (Popup, 23)
|
Batting: SHB Jorge Flores
|
0-0: Called Strike 0-1: Ball 1-1: Ball 2-1: Ball 3-1: Base on Balls William Farmer scores Vicente Aguirre to third Seung-chun Mun to second
|
Batting: RHB Bailey Ramsey
|
0-0: Fly out, F4 (Popup, 6MS)
|
Batting: RHB Quinton Martínez
|
0-0: Called Strike 0-1: Foul Ball, location: 2F 0-2: Fly out, F4 (Popup, 4)
|
Top of the 5th over - 1 run(s), 2 hit(s), 0 error(s), 3 left on base; Madison 3 - Seattle 5 |
BOTTOM OF THE 5TH |
Seattle Pikes batting - Pitching for Madison Bombers : LHP Juan Espinosa
|
Pitching: RHP Andy Parker
|
|
Batting: RHB Rafael González
|
0-0: Ball 1-0: Reached on error, E4 (Groundball, 4)
|
Batting: LHB Keith Tillman
|
Pickoff Throw to First - Error! E1 Rafael González to second 0-0: SINGLE (Groundball, 34) (infield hit) Rafael González to third
|
Batting: RHB Wallace Greene
|
0-0: Called Strike 0-1: Ball 1-1: DOUBLE (Flyball, 78XD) Rafael González scores Keith Tillman to third Runner from 3rd tries for Home, SAFE, no throw or cutoff
|
Pitching: RHP Manny Canseco
|
|
Batting: RHB António Ortega
|
0-0: Fly out, F6 (Popup, 6MD)
|
Batting: LHB Richard Hunter
|
0-0: Ball 1-0: Fly out, F2 (Popup, 2LF)
|
Batting: LHB Sammy Marshall
|
0-0: DOUBLE (Flyball, 8LXD) Wallace Greene scores
|
Batting: LHB Terry White
|
0-0: Ball 1-0: Swinging Strike 1-1: Ball 2-1: Foul Ball, location: 2F 2-2: Strikes out swinging
|
Bottom of the 5th over - 3 run(s), 3 hit(s), 2 error(s), 1 left on base; Madison 3 - Seattle 8 |
TOP OF THE 6TH |
Madison Bombers batting - Pitching for Seattle Pikes : LHP Bernardo Dodson
|
Batting: SHB Bob Warren
|
0-0: Foul Ball, location: 2F 0-1: Foul Ball, location: 2F 0-2: Foul Ball, location: 2F 0-2: Foul Ball, location: 2F 0-2: Ball 1-2: Ground out 6-3 (Groundball, 6M)
|
Pinch Hitting: RHB Pablo Gonzáles
|
0-0: Ball 1-0: Called Strike 1-1: Foul Ball, location: 2F 1-2: Foul Ball, location: 2F 1-2: Fly out, F8 (Flyball, 8RM)
|
Pinch Hitting: LHB Avery Hopkins
|
0-0: Foul Ball, location: 2F 0-1: Ball 1-1: Swinging Strike 1-2: Foul Ball, location: 2F 1-2: Ball 2-2: Ground out 4-3 (Groundball, 4)
|
Top of the 6th over - 0 run(s), 0 hit(s), 0 error(s), 0 left on base; Madison 3 - Seattle 8 |
BOTTOM OF THE 6TH |
Seattle Pikes batting - Pitching for Madison Bombers : RHP Manny Canseco
|
Now at 1B: Pablo Gonzáles
|
|
Now in LF: Avery Hopkins
|
|
Batting: RHB Dennis Stephenson
|
0-0: Ball 1-0: Called Strike 1-1: Called Strike 1-2: Foul Ball, location: 2F 1-2: Ball 2-2: Ball 3-2: Strikes out swinging
|
Batting: RHB Claudio Souza
|
0-0: Called Strike 0-1: Swinging Strike 0-2: Foul Ball, location: 2F 0-2: Fly out, F9 (Flyball, 9LM)
|
Batting: RHB Rafael González
|
0-0: Ball 1-0: Ball 2-0: Foul Ball, location: 2F 2-1: Fly out, F6 (Popup, 6)
|
Bottom of the 6th over - 0 run(s), 0 hit(s), 0 error(s), 0 left on base; Madison 3 - Seattle 8 |
TOP OF THE 7TH |
Madison Bombers batting - Pitching for Seattle Pikes : LHP Bernardo Dodson
|
Pitching: RHP Gil Dickson
|
|
Batting: RHB Vicente Aguirre
|
0-0: Ball 1-0: Ground out 4-3 (Groundball, 4M)
|
Pinch Hitting: LHB Aroghetto Dionisotti
|
0-0: SINGLE (Line Drive, 9S)
|
Pinch Hitting: LHB John Latham
|
0-0: Called Strike 0-1: Ball Aroghetto Dionisotti steals 2nd base 1-1: Ball 2-1: Foul Ball, location: 2F 2-2: Strikes out swinging
|
Pinch Hitting: RHB Greg King
|
0-0: Ball 1-0: Ball 2-0: Ball 3-0: Called Strike 3-1: Base on Balls
|
Batting: RHB Spencer Johnston
|
0-0: Ball 1-0: Fly out, F8 (Flyball, 8LM)
|
Top of the 7th over - 0 run(s), 1 hit(s), 0 error(s), 2 left on base; Madison 3 - Seattle 8 |
BOTTOM OF THE 7TH |
Seattle Pikes batting - Pitching for Madison Bombers : RHP Manny Canseco
|
Pitching: RHP Gerald Duncan
|
|
Now at 3B: Emílio Carrillo
|
|
Now at SS: Greg King
|
|
Now in RF: John Latham
|
|
Pinch Hitting: LHB Eduardo Gómez
|
0-0: Ball 1-0: Called Strike 1-1: Ground out 4-3 (Groundball, 4)
|
Batting: RHB Wallace Greene
|
0-0: Ball 1-0: Ball 2-0: Ball 3-0: Base on Balls
|
Pinch Hitting: RHB Iván Gonzáles
|
0-0: Called Strike 0-1: Ball 1-1: Foul Ball, location: 2F 1-2: Grounds into double play, 6-4-3 (Groundball, 6)
|
Bottom of the 7th over - 0 run(s), 0 hit(s), 0 error(s), 0 left on base; Madison 3 - Seattle 8 |
TOP OF THE 8TH |
Madison Bombers batting - Pitching for Seattle Pikes : RHP Gil Dickson
|
Now at C: Tae-kwon Kwon
|
|
Now at 1B: Javier Escobedo
|
|
Now at 3B: Iván Gonzáles
|
|
Batting: RHB Quinton Martínez
|
0-0: Foul Ball, location: 2F 0-1: Swinging Strike 0-2: Ball 1-2: Ball 2-2: Foul Ball, location: 2F 2-2: Ball 3-2: Fly out, F9 (Flyball, 89D)
|
Batting: SHB Bob Warren
|
0-0: Called Strike 0-1: Foul Ball, location: 2F 0-2: Ground out 4-3 (Groundball, 4)
|
Batting: RHB Pablo Gonzáles
|
0-0: Called Strike 0-1: SINGLE (Line Drive, 34D)
|
Batting: LHB Avery Hopkins
|
0-0: Ball 1-0: Called Strike 1-1: Fly out, F8 (Flyball, 8RD)
|
Top of the 8th over - 0 run(s), 1 hit(s), 0 error(s), 1 left on base; Madison 3 - Seattle 8 |
BOTTOM OF THE 8TH |
Seattle Pikes batting - Pitching for Madison Bombers : RHP Gerald Duncan
|
Pinch Hitting: LHB Chad Weaver
|
0-0: Ball 1-0: Called Strike 1-1: Fly out, F7 (Line Drive, 7M)
|
Pinch Hitting: SHB António Hernández
|
0-0: Foul Ball, location: 2F 0-1: Ball 1-1: Fly out, F6 (Popup, 5)
|
Pinch Hitting: LHB Brandon Cummings
|
0-0: Called Strike 0-1: Ball 1-1: Ball 2-1: Ball 3-1: Called Strike 3-2: Strikes out swinging
|
Bottom of the 8th over - 0 run(s), 0 hit(s), 0 error(s), 0 left on base; Madison 3 - Seattle 8 |
TOP OF THE 9TH |
Madison Bombers batting - Pitching for Seattle Pikes : RHP Gil Dickson
|
Pitching: RHP Jonathan Long
|
|
Now in LF: Chad Weaver
|
|
Now in CF: Víctor Carrillo
|
|
Now in RF: Brandon Cummings
|
|
Pinch Hitting: RHB Ulysse Bélisle
|
0-0: Ball 1-0: Fly out, F8 (Flyball, 8RM)
|
Batting: RHB Emílio Carrillo
|
0-0: Ground out 6-3 (Groundball, 6)
|
Batting: LHB John Latham
|
0-0: Swinging Strike 0-1: Ball 1-1: Ball 2-1: Ball 3-1: Swinging Strike 3-2: Foul Ball, location: 2F 3-2: Strikes out looking
|
Top of the 9th over - 0 run(s), 0 hit(s), 0 error(s), 0 left on base; Madison 3 - Seattle 8 |
|